Construct Section Command Post
Selects Australian Defense Battlegroup
Selects Australian Light Infantry Section
Australian Light Infantry Section
Australian Light Infantry Section
Construct Platoon Command Post
Australian Light Infantry Section
Unlock M3 Stuart Light Tanks
Selects 2-pounder Anti-tank Gun Team
Selects Vehicle Over Repair
Construct Company Command Post
6-pounder Anti-tank Gun Team
Unlock Bishop Self-propelled Artillery
Bishop Self-propelled Artillery